 Dungeon Crawl Stone Soup version 0.29.1-1-gd02db6906a (webtiles) character file.

Game seed: 15910638774356080894

980 Zeld the Chopper (level 7, -5/63 HPs)
             Began as a Minotaur Berserker on Oct 7, 2022.
             Was an Elder of Trog.
             Slain by an ogre
             ... wielding a +0 giant club
              (10 damage)
             ... on level 6 of the Dungeon.
             The game lasted 00:04:12 (6258 turns).

Zeld the Chopper (Minotaur Berserker)               Turns: 6258, Time: 00:04:12

Health: -5/63      AC:  2    Str: 23    XL:     7   Next: 96%
Magic:  6/6        EV: 13    Int:  4    God:    Trog [****..]
Gold:   387        SH:  0    Dex: 10    Spells: 6/6 levels left

rFire   . . .      SeeInvis .   a - +0 war axe
rCold   . . .      Faith    .   (no shield)
rNeg    . . .      Spirit   .   b - +0 animal skin
rPois   .          Reflect  .   (helmet restricted)
rElec   .          Harm     .   (no cloak)
rCorr   .          Rampage  .   (no gloves)
Will    +....                   (no boots)
Stlth   +.........              (no amulet)
HPRegen 0.20/turn               e - ring of willpower
MPRegen 0.10/turn               (no ring)

@: no status effects
A: horns 2, retaliatory headbutt
a: Renounce Religion, Berserk, Trog's Hand, Brothers in Arms


You were on level 6 of the Dungeon.
You worshipped Trog.
Trog was greatly pleased with you.
You visited 2 branches of the dungeon, and saw 7 of its levels.
You also visited: Sewer.

You collected 387 gold pieces.

Inventory:

Hand Weapons
 a - a +0 war axe (weapon)
Missiles
 h - 4 atropa-tipped darts (quivered)
 q - 9 javelins
 s - 21 poisoned darts
 A - a boomerang
Armour
 b - a +0 animal skin (worn)
Jewellery
 e - a ring of willpower (left hand)
 y - a ring of protection from fire
Scrolls
 g - 9 scrolls of identify {unknown}
 i - a scroll of torment {unknown}
 j - a scroll of poison {unknown}
 l - a scroll of amnesia {unknown}
 m - 4 scrolls of teleportation {unknown}
 n - 2 scrolls of noise {unknown}
 o - 2 scrolls of magic mapping {unknown}
 p - 2 scrolls of immolation {unknown}
 r - 2 scrolls of enchant weapon {unknown}
 u - a scroll of summoning {unknown}
Potions
 c - 2 potions of curing {unknown}
 d - a potion of ambrosia {unknown}
 f - 5 potions of mutation {unknown}
 k - 3 potions of heal wounds {unknown}
 t - 2 potions of cancellation {unknown}
 v - a potion of might {unknown}
 w - a potion of resistance {unknown}
 x - a potion of brilliance {unknown}
 z - a potion of haste {unknown}


   Skills:
 + Level 6.0 Fighting
 * Level 7.8 Axes
 + Level 5.5 Armour
 + Level 4.9 Dodging


You had 6 spell levels left.
You didn't know any spells.
Your spell library was empty.

Dungeon Overview and Level Annotations

Branches:
Dungeon (6/15)             Temple (1/1) D:5           Sewer (visited)

Altars:
Cheibriados
Elyvilon
Fedhas
Gozag
Hepliaklqana
Kikubaaqudgha
Makhleb
Nemelex Xobeh
Okawaru
Qazlal
Ru
Sif Muna
Trog
Uskayaw
Vehumet
Wu Jian
Xom
Yredelemnul
Zin
The Shining One


Innate Abilities, Weirdness & Mutations

You have a pair of horns on your head.
You reflexively headbutt those who attack you in melee.


Message History

You furiously retaliate!
You headbutt the hound! You hit the hound.
The hound is heavily wounded.
The hound bites you. The hound barely misses you.
You barely miss the hound.
The hound is heavily wounded.
The hound barely misses you. You furiously retaliate!
You headbutt the hound. The hound bites you but does no damage.
A hound is nearby!
You closely miss the hound. You headbutt the hound.
The hound is almost dead.
The hound closely misses you. You furiously retaliate!
You headbutt the hound.
You kill the hound!
Trog accepts your kill.
HP restored.
An ogre comes into view. It is wielding a +0 giant club.
Found a scroll labelled SOFREU KOERCH.
An ogre is nearby!
Found a scroll labelled PEAMMARYRA.
An ogre is nearby!
An ogre is nearby!
You hit the ogre.
The ogre is lightly wounded.
The ogre hits you with a +0 giant club!!
You hit the ogre.
The ogre is lightly wounded.
The ogre hits you with a +0 giant club!
You completely miss the ogre. You headbutt the ogre.
The ogre is moderately wounded.
The ogre barely misses you.
You hit the ogre but do no damage.
The ogre is moderately wounded.
You barely miss the ogre.
The ogre is moderately wounded.
The ogre hits you with a +0 giant club!!
* * * LOW HITPOINT WARNING * * *
You closely miss the ogre.
The ogre is moderately wounded.
The ogre hits you with a +0 giant club!
You die...

#........#...##
.............#
##...........# #
##........### #.
####.......##
...#...........#
..............#
...##.....##...#
......O@..##...#
.......#..###..#
..........# ####
.........#.#
............#
....?........#
........##..##
....#?.. ###


You could see an ogre.

Vanquished Creatures
  A phantom (D:5)
  A kobold brigand (Sewer)
  3 necrophages
  A scorpion (D:4)
  2 jellies
  3 hounds
  Natasha (D:4)
  Terence (D:3)
  2 iguanas
  An orc wizard (D:5)
  A statue (D:4)
  10 adders
  4 river rats
  A white imp (D:5)
  An ufetubus (D:4)
  2 worms
  A dart slug (D:1)
  9 orcs
  6 bats
  7 endoplasms
  3 giant cockroaches
  6 goblins
  7 hobgoblins
  4 quokkas
  12 ball pythons
  3 frilled lizards
  2 goblin skeletons (D:5)
  A goblin zombie (D:5)
  2 hobgoblin zombies (D:5)
  29 kobolds
  2 kobold skeletons (D:5)
  A kobold zombie (D:5)
  An orc skeleton (D:5)
  An orc zombie (D:5)
  25 rats
157 creatures vanquished.

Vanquished Creatures (others)
  2 fungi (D:4)
  4 plants (D:4)
6 creatures vanquished.

Grand Total: 163 creatures vanquished

Notes
Turn   | Place    | Note
-------+----------+-------------------------------------------
     0 | D:1      | Zeld the Minotaur Berserker began the quest for the Orb.
     0 | D:1      | Reached XP level 1. HP: 19/19 MP: 0/0
   253 | D:1      | Reached XP level 2. HP: 27/27 MP: 1/1
   326 | D:1      | Reached skill level 4 in Axes
   640 | D:1      | Found a faded altar of an unknown god.
   985 | D:2      | Reached XP level 3. HP: 24/33 MP: 2/2
  1473 | D:2      | Reached ** piety under Trog
  1474 | D:2      | Reached XP level 4. HP: 37/40 MP: 3/3
  1643 | D:3      | Noticed Terence
  1643 | D:3      | Found an iron altar of Okawaru.
  1704 | D:3      | Killed Terence
  1816 | D:3      | Noticed a necrophage
  1823 | D:3      | Killed a necrophage
  1824 | D:3      | Reached skill level 5 in Axes
  1824 | D:3      | Reached XP level 5. HP: 37/47 MP: 4/4
  1898 | D:3      | Found an opulent altar of Gozag.
  2819 | D:4      | Reached XP level 6. HP: 33/55 MP: 5/5
  2910 | D:4      | Reached skill level 5 in Fighting
  2910 | D:4      | Reached skill level 6 in Axes
  3206 | D:4      | Found a radiant altar of Vehumet.
  3317 | D:4      | Reached *** piety under Trog
  3474 | D:4      | Found a blossoming altar of Fedhas.
  3474 | D:4      | Noticed Natasha
  3484 | D:4      | Killed Natasha
  3927 | D:5      | Entered Level 5 of the Dungeon
  3935 | D:5      | Reached XP level 7. HP: 46/61 MP: 6/6
  3943 | D:5      | Reached skill level 7 in Axes
  4196 | D:5      | Found a glowing drain.
  4200 | Sewer    | Entered a sewer
  4511 | Sewer    | Reached skill level 5 in Armour
  4622 | Sewer    | Reached **** piety under Trog
  5070 | D:5      | Found a glowing golden altar of the Shining One.
  5206 | D:5      | Identified the +1 leather armour "Joaceiw" {rC+ Str-2 Dex+8
                  | Stlth+}
  5282 | D:5      | Found a staircase to the Ecumenical Temple.
  5294 | Temple   | Entered the Ecumenical Temple
  6089 | D:5      | Found a shimmering altar of Xom.
  6258 | D:6      | Slain by an ogre

Illustrated notes

Levels and vault maps discovered:
D:1:      saegor_arrival_simple_b, layout_basic,
          shapermc_ecumenical_altar_mp_ritualfount
D:2:      layout_basic, grunt_ministairs_8
D:3:      layout_loops_cross, amcnicky_altar_gilded,
          mainiacjoe_overflow_boulevard, nrook_mini_backslash,
          kennysheep_decorative_pillar, uniq_terence
D:4:      layout_gridville, fedhas_altar_3, vehumet_statue, uniq_natasha
D:5:      layout_loops_ring, nicolae_tso_besieged_by_evil,
          general_overflow_altar, minmay_temple_entry_crystal_x,
          gup_sewer_entry_bowl, st_stairs_2, hangedman_abyss_or_decor_stabs,
          minivault_1, grunt_decor_mini_mirrors
D:6:      minmay_general_purpose_star, layout_cave_pools, uniq_duvessa
Temple:   eino_narrow_crystal_temple

Skill      XL: |  1  2  3  4  5  6  7 |
---------------+----------------------+-----
Axes           | 4 5 6 7 |  7.8
Fighting       | 4 5 6 |  6.0
Armour         | 3 4 5 |  5.5
Dodging        | 3 4 |  4.9

Action                   |  1- 3 |  4- 6 |  7- 9 || total
-------------------------+-------+-------+-------++-------
Melee: Hand axe          |    73 |     7 |       ||    80
       Headbutt          |    10 |    16 |    23 ||    49
       War axe           |       |   102 |   132 ||   234
       Punch             |       |       |     1 ||     1
Armor: Animal skin       |    20 |    31 |    22 ||    73
Dodge: Dodged            |    42 |    81 |   115 ||   238
